 Dungeon Crawl Stone Soup version 0.31-a0-876-gfe8ebadbca (webtiles) character file.

Game seed: 7745738727388304475

86 Xavori the Trooper (level 4, -5/33 HPs)
             Began as an Octopode Chaos Knight on Oct 13, 2023.
             Was a Plaything of Xom.
             Slain by a worm (6 damage)
             ... on level 3 of the Dungeon.
             The game lasted 00:01:52 (10968 turns).

Xavori the Trooper (Octopode Chaos Knight)         Turns: 10968, Time: 00:01:53

Health: -5/33      AC:  3    Str: 11      XL:     4   Next: 49%
Magic:  4/4        EV: 13    Int: 14      God:    Xom [*.....]
Gold:   82         SH:  0    Dex: 10 (11) Spells: 3/3 levels left

rFire   . . .        a - +0 short sword (chaos)
rCold   . . .        (no shield)
rNeg    . . .        (helmet restricted)
rPois   .            (no amulet)
rElec   .            (no ring)
rCorr   .            (no ring)
SInv    .            (no ring)
Will    .....        (no ring)
Stlth   +++          (no ring)
HPRegen 0.25/turn    (no ring)
MPRegen 0.09/turn    (no ring)
                     (no ring)

%: no passive effects
@: no status effects
A: almost no armour, amphibious, 8 rings, camouflage 1, gelatinous body 1,
(nimble swimmer 1), tentacles, tentacle spike 1, iridescent scales 1, clumsy 1,
deterioration 1, wild magic 1, no potion heal 1
a: Renounce Religion


You were on level 3 of the Dungeon.
You worshipped Xom.
You were a special plaything of Xom.
You visited 1 branch of the dungeon, and saw 3 of its levels.

You collected 82 gold pieces.

Inventory:

Hand Weapons
 a - a +0 short sword of chaos (weapon)
Scrolls
 b - a scroll of butterflies
 d - a scroll of poison {unknown}
 g - a scroll of identify {unknown}
 h - 3 scrolls of immolation {unknown}
Potions
 c - a potion of ambrosia {unknown}
 e - a potion of attraction {unknown}
 f - a potion of resistance {unknown}
 i - a potion of heal wounds {unknown}


   Skills:
 + Level 3.8 Fighting
 + Level 3.7 Short Blades
 + Level 3.0 Dodging
 + Level 2.0 Stealth


You had 3 spell levels left.
You didn't know any spells.
Your spell library contained the following spells:

 Spells                   Type           Power      Damage    Failure   Level
 Passage of Golubria      Tloc           0%         N/A       98%         4
 Silence                  Hex/Air        0%         N/A       100%        5
 Lehudib's Crystal Spear  Conj/Erth      0%         10d2      100%        8


Dungeon Overview and Level Annotations

Branches:
Dungeon (3/15)

Altars:
Xom

Annotations:
D:3 Grinder


Innate Abilities, Weirdness & Mutations

You cannot wear most types of armour.
You are amphibious.
You can wear up to eight rings at the same time.
Your skin changes colour to match your surroundings (Stealth+).
Your rubbery body absorbs attacks. (AC +1, EV +1)
((You are camouflaged when in or above water. (Stealth+)))
You have tentacles for arms and can constrict up to eight enemies at once.
One of your tentacles bears a spike.
You are partially covered in iridescent scales. (AC +2)
You are clumsy. (Dex -2)
Your body sometimes deteriorates upon taking damage.
Your spells are a little harder to cast, but a little more powerful.
Potions are less effective at restoring your health.


Message History

Pain shoots through your body!
You hit Grinder.
Grinder's magic leaks into the air.
You grab Grinder.
You pierce Grinder, but do no damage.
Grinder is moderately wounded.
You constrict Grinder.
You hear Xom's avuncular chuckle.
Grinder looks momentarily different.
Grinder misses you.
Unknown command.
You hit Grinder but do no damage.
Grinder is heavily wounded.
You constrict Grinder, but do no damage.
Grinder misses you.
Unknown command.
You hit Grinder.
Grinder's magic leaks into the air.
Grinder is heavily wounded.
You constrict Grinder. Grinder hits you.
Your body deteriorates!
You feel clumsy.
You writhe in agony.
* * * LOW HITPOINT WARNING * * *
Unknown command.
You hit Grinder but do no damage.
You pierce Grinder.
Grinder is heavily wounded.
You constrict Grinder. You barely miss Grinder.
Grinder is severely wounded.
You constrict Grinder, but do no damage.
Grinder gestures at you. Pain shoots through your body!
* * * LOW HITPOINT WARNING * * *
Unknown command.
You hit Grinder. You burn Grinder.
Your tentacle spike misses Grinder.
Your squeeze misses Grinder.
Grinder is severely wounded.
You constrict Grinder.
Grinder's magic is no longer disrupted.
Grinder rolls her eyes.
Grinder blinks free!
Unknown command.
The worm attacks as it pursues you! The worm bites you.
You die...
Xom bursts into laughter!

... #.# .5 #####.###
##[#####.......# #...
....###.#.#
####...###..##..#.#
........##..##.##.#####
......§..#............#
#......##.###.#.####.#
#.#...w@#†###.#.#
#...#.......#.#
##.###.######.# #. .##
#.# .. .# #.. #. .# ###
#... .. #.


You could see Grinder and a worm.

Vanquished Creatures
  2 adders (D:2)
  2 dart slugs
  2 ball pythons (D:1)
  4 endoplasms
  3 giant cockroaches
  8 goblins
  5 hobgoblins
  4 jackals (D:1)
  6 kobolds
  3 quokkas
  5 bats
  9 frilled lizards
  5 rats
58 creatures vanquished.

Notes
Turn   | Place    | Note
-------+----------+-------------------------------------------
     0 | D:1      | Xavori the Octopode Chaos Knight began the quest for the
                  | Orb.
     0 | D:1      | Reached XP level 1. HP: 16/16 MP: 1/1
    25 | D:1      | XOM: potion effect (haste)
   107 | D:1      | Reached XP level 2. HP: 21/21 MP: 2/2
   328 | D:1      | Reached XP level 3. HP: 24/26 MP: 3/3
   808 | D:1      | XOM: silly message
   998 | D:1      | XOM is BORED!
   998 | D:1      | XOM: silly message
  1464 | D:1      | XOM: silly message
  1874 | D:1      | XOM: silly message
  2600 | D:1      | XOM is BORED!
  2600 | D:1      | XOM: give mutation
  2600 | D:1      | Gained mutation: Your flesh is cold resistant. (rC+) [Xom's
                  | mischief]
  2878 | D:1      | XOM: scenery: create altars
  3269 | D:1      | XOM: give mutation
  3269 | D:1      | Gained mutation: You are partially covered in iridescent
                  | scales. (AC +2) [Xom's grace]
  3279 | D:1      | XOM: god gift: 3 javelins
  3689 | D:1      | XOM: give mutation
  3689 | D:1      | Gained mutation: Potions are less effective at restoring
                  | your health. [Xom's mischief]
  3982 | D:1      | XOM: silly message
  4013 | D:1      | XOM: divination: detect items
  4394 | D:1      | XOM: silly message
  4594 | D:1      | XOM: cloud trail
  4868 | D:1      | XOM: noise
  4942 | D:1      | XOM: give mutation
  4942 | D:1      | Gained mutation: Potions cannot restore your health. [Xom's
                  | mischief]
  6379 | D:1      | XOM: torment (15/27 hp)
  6549 | D:1      | XOM: give mutation
  6549 | D:1      | Gained mutation: You are dopey. (Int -2) [Xom's mischief]
  6565 | D:1      | XOM is BORED!
  6565 | D:1      | XOM: summons 2 hostile demons
  7777 | D:1      | XOM: give mutation
  7777 | D:1      | Lost mutation: You are dopey. (Int -2) [Xom's mischief]
  8010 | D:1      | XOM: summons 2 hostile demons
  8382 | D:1      | XOM: give mutations
  8382 | D:1      | Gained mutation: Your spells are a little harder to cast,
                  | but a little more powerful. [Xom's mischief]
  8382 | D:1      | Gained mutation: You are weak. (Str -2) [Xom's mischief]
  8382 | D:1      | Lost mutation: You are weak. (Str -2) [Xom's mischief]
  8437 | D:1      | XOM: give mutation
  8437 | D:1      | Lost mutation: Your flesh is cold resistant. (rC+) [Xom's
                  | mischief]
  8711 | D:1      | XOM: give mutation
  8711 | D:1      | Lost mutation: Potions cannot restore your health. [Xom's
                  | mischief]
  8760 | D:1      | XOM: summons 2 hostile demons
  8843 | D:2      | XOM: give mutations
  8843 | D:2      | Gained mutation: One of your tentacles bears a spike.
                  | [Xom's mischief]
  8843 | D:2      | Gained mutation: Your body sometimes deteriorates upon
                  | taking damage. [Xom's mischief]
  8843 | D:2      | Gained mutation: You are dopey. (Int -2) [Xom's mischief]
  9512 | D:1      | XOM: torment (15/27 hp)
  9786 | D:1      | XOM: stat loss: -1 Str (10/11)
 10201 | D:1      | XOM: give mutations
 10201 | D:1      | Lost mutation: You are dopey. (Int -2) [Xom's mischief]
 10201 | D:1      | Gained mutation: You are clumsy. (Dex -2) [Xom's mischief]
 10376 | D:2      | Reached skill level 1 in Stealth
 10405 | D:2      | Reached XP level 4. HP: 33/33 MP: 4/4
 10547 | D:2      | XOM: 1-stop teleportation journey
 10697 | D:2      | Found a faded altar of an unknown god.
 10958 | D:3      | Noticed Grinder
 10962 | D:3      | XOM: polymorph Grinder -> Grinder
 10966 | D:3      | HP: 1/33 [Grinder/nerve-wracking pain (8)]
 10968 | D:3      | Slain by a worm

Illustrated notes

Levels and vault maps discovered:
D:1:      dpeg_arrival_boxorama, layout_loops_ring, minmay_lizard_pond
D:2:      layout_loops_ring, basic_ecumenical_altar, kennysheep_generic_room_2
D:3:      layout_loops_cross, uniq_natasha, uniq_grinder

Skill      XL: |  1  2  3  4 |
---------------+-------------+-----
Stealth        | 1 2 |  2.0
Dodging        | 3 |  3.0
Fighting       | |  3.8
Short Blades   | |  3.7

Action                     |  1- 3 |  4- 6 || total
---------------------------+-------+-------++-------
  Melee: Short sword       |    97 |    31 ||   128
         Tentacles         |    21 |     3 ||    24
         Constrict         |    22 |     7 ||    29
         Kick              |     2 |    11 ||    13
         Punch             |     1 |       ||     1
   Stab: Sleeping          |     1 |     2 ||     3
         Confused          |     1 |       ||     1
 Armour: Skin              |    39 |    10 ||    49
  Dodge: Dodged            |    56 |    20 ||    76

Table legend: (Time is in decaauts)
 A = Elapsed time spent in this place.
 B = Non-inter-level travel time spent in this place.
 C = Inter-level travel time spent in this place.
 D = Time resting spent in this place.
 E = Time spent auto-exploring this place.
 F = Levels seen in this place.
 G = Mean time per level.
                   A        B        C        D        E       F      G
               +--------+--------+--------+--------+--------+-----+--------+
         Total |  10929 |  10882 |     47 |   9385 |   1199 |   3 | 3643.0 |
       Dungeon |  10929 |  10882 |     47 |   9385 |   1199 |   3 | 3643.0 |
               +--------+--------+--------+--------+--------+-----+--------+

Top non-repeatable levels by time:
     D:1: 9381 daAuts
     D:2: 1515 daAuts
     D:3: 32 daAuts
